Map: Ghost River LE

Players

HUMAN - Winner!

  • Race: Terran Terran
  • League: Gold
  • Spawn Location: 11:00

VOD

Have the link to the VOD?

Description

Time

  • Played on: April 16, 2024, 10:12 p.m.
  • Length: 13:40
Show
View Real Time Build Order
Export as new Build Order

HUMAN Terran - Winner!

Build Orders:  

Get SALT Encoding   

  12  0:01  SCV  
  13  0:22  Supply Depot  
  13  0:23  SCV  
  14  0:43  Refinery  
  14  0:44  SCV  
  15  0:58  Barracks  
  15  1:03  SCV  
  16  1:22  SCV  
  17  1:39  SCV  
  18  1:41  Refinery  
  19  2:04  Orbital Command  
  19  2:06  Supply Depot  
  18  2:14  Barracks Reactor  
  18  2:39  Factory  
  18  2:40  SCV  
  19  2:52  Barracks  
  19  2:57  SCV  
  20  3:08  Marine x2  
  22  3:14  SCV  
  23  3:31  SCV  
  24  3:45  Starport  
  24  3:48  SCV, Marine x2  
  27  3:59  Barracks Tech Lab  
  27  4:07  Stimpack  
  27  4:19  Command Center  
  27  4:32  SCV  
  28  4:42  Supply Depot  
  28  4:49  SCV  
  29  4:55  Starport Tech Lab  
  29  4:57  Factory Tech Lab  
  29  5:03  Marine x2  
  31  5:12  Marine  
  31  5:14  SCV  
  31  5:15  Supply Depot  
  33  5:21  Raven  
  33  5:23  Engineering Bay  
  33  5:31  SCV  
  33  5:36  Marine  
  37  5:49  Siege Tank  
  40  5:58  Supply Depot  
  40  6:02  Orbital Command  
  40  6:13  SCV  
  40  6:17  Marine  
  40  6:19  Marine  
  43  6:27  Marine  
  44  6:30  SCV  
  44  6:36  Supply Depot  
  45  6:42  Marine  
  45  6:47  SCV  
  45  6:49  Unknown  
  47  6:50  SCV  
  47  6:57  Unknown  
  48  7:11  Barracks  
  48  7:15  Marine x3  
  48  7:17  SCV x2  
  53  7:21  Siege Tank  
  53  7:27  Supply Depot  
  53  7:32  Terran Infantry Weapons Level 1  
  53  7:34  SCV  
  53  7:37  SCV  
  55  7:40  Marine  
  55  7:48  Engineering Bay  
  56  7:50  Marine x2  
  56  7:51  SCV  
  56  7:54  SCV  
  60  8:03  Supply Depot  
  60  8:09  Siege Tank  
  63  8:12  Marine  
  63  8:15  Marine x2  
  63  8:18  Barracks Reactor  
  66  8:28  Fusion Core  
  66  8:31  SCV x2  
  66  8:36  Refinery  
  66  8:38  Supply Depot  
  68  8:40  Refinery  
  68  8:42  Marine x3  
  68  8:48  SCV  
  72  9:02  SCV  
  72  9:05  SCV  
  72  9:07  Marine x3  
  77  9:19  SCV  
  78  9:22  SCV  
  78  9:28  Missile Turret  
  79  9:32  Marine  
  79  9:36  SCV  
  79  9:39  Marine, SCV  
  82  9:40  Marine x3  
  85  9:53  SCV  
  85  9:56  Marine, SCV  
  85  9:59  Missile Turret  
  88  10:04  Marine  
  88  10:08  Siege Tank  
  89  10:10  SCV  
  89  10:13  SCV  
  89  10:18  Terran Infantry Armor Level 1  
  91  10:20  Armory  
  91  10:23  Marine x2  
  91  10:24  Marine x2  
  91  10:27  SCV  
  91  10:29  Marine  
  64  10:30  SCV  
  97  10:34  Supply Depot  
  97  10:35  Command Center  
  98  10:44  SCV  
  99  11:06  Supply Depot, Marine x4  
  99  11:07  Marine  
  99  11:08  SCV x2  
  106  11:21  Siege Tank  
  106  11:25  SCV x2  
  108  11:30  Factory  
  108  11:31  Marine x2, Starport  
  108  11:39  Marine x3  
  113  11:42  Siege Tank, SCV  
  113  11:49  SCV  
  118  11:59  Supply Depot  
  118  12:01  Marine x2  
  118  12:04  Marine  
  121  12:27  Siege Tank  
  124  12:31  Factory Tech Lab  
  124  12:32  Starport Reactor  
  124  12:51  Marine  
  124  12:52  Marine x4  
  132  13:08  Unknown  
  132  13:12  Refinery  
  132  13:13  Refinery  
Tags
 
League
Gold
Matchup
Co-op
Add a new tag
Caveats
  • Supply blocks, unpowered buildings, or Contaminate may cause inaccurate times.
  • Supply counts are checked every 10 seconds.